TOP OF THE 1ST |
New York Mets batting - Pitching for San Francisco Giants : RHP Dan Neumeier
|
Pitching: RHP Dan Neumeier
|
|
Batting: RHB Dave Concepcion
|
0-0: Called Strike 0-1: Ball 1-1: Ball 2-1: Ball 3-1: SINGLE (Line Drive, 4D, EV 98.1 MPH)
|
Batting: RHB Ray Knight
|
0-0: Called Strike 0-1: Ball 1-1: Foul Ball, location: 2F 1-2: Strikes out swinging
|
Batting: LHB Lyman Bostock
|
0-0: Ball 1-0: Fly out, F8 (Flyball, 8RD, EV 105.6 MPH)
|
Batting: RHB Garry Maddox
|
0-0: Called Strike 0-1: Ball 1-1: Fly out, F8 (Line Drive, 8RD, EV 95.0 MPH)
|
Top of the 1st over - 0 runs, 1 hit, 0 errors, 1 left on base; New York 0 - San Francisco 0 |
BOTTOM OF THE 1ST |
San Francisco Giants batting - Pitching for New York Mets : RHP Elias Sosa
|
Pitching: RHP Elias Sosa
|
|
Batting: SHB Kevin Bass
|
0-0: Ball 1-0: Ball 2-0: Reached on error, E3 (Groundball, 34S, EV 85.0 MPH)
|
Batting: RHB Dickie Thon
|
0-0: SINGLE (Groundball, 6MD, EV 99.4 MPH) Kevin Bass to second Runner from 2nd tries for 3rd, SAFE, throw by CF made to third
|
Batting: LHB Keith Hernandez
|
0-0: Called Strike 0-1: Ball 1-1: Ball 2-1: SINGLE (Groundball, 6D, EV 96.3 MPH) Kevin Bass scores Dickie Thon to second Runner from 2nd tries for 3rd, SAFE, no throw by LF
|
Batting: RHB Phil Bailey
|
0-0: Ball 1-0: Called Strike 1-1: Ball 2-1: Foul Ball, location: 2F 2-2: Fly out, F3 (Popup, 23, EV 93.1 MPH)
|
Batting: SHB Tyler O'Dell
|
0-0: Ball 1-0: Foul Ball, location: 2F 1-1: Ball 2-1: Ball 3-1: Called Strike 3-2: Foul Ball, location: 2F 3-2: Base on Balls Keith Hernandez to second
|
Batting: RHB Kevin Howard
|
0-0: Ball 1-0: Called Strike 1-1: Called Strike 1-2: Ball 2-2: Foul Ball, location: 2F 2-2: SINGLE (Groundball, 56S, EV 68.1 MPH) (infield hit) Dickie Thon scores Keith Hernandez to third Tyler O'Dell to second
|
Batting: LHB Doug Frobel
|
0-0: Ball 1-0: Foul Ball, location: 2F 1-1: SINGLE (Flyball, 89S, EV 91.3 MPH) Keith Hernandez scores Tyler O'Dell to third Kevin Howard to second Runner from 3rd tries for Home, SAFE, throw by CF to home
|
Batting: LHB James Durrman
|
0-0: Ball 1-0: Called Strike 1-1: Foul Ball, location: 2F 1-2: SINGLE (Line Drive, 4MD, EV 100.6 MPH) Kevin Howard to third Doug Frobel to second Runner from 3rd tries for Home, SAFE, throw by CF to home Doug Frobel to third James Durrman to second
|
Batting: RHB Dan Neumeier
|
0-0: Ball 1-0: Ball 2-0: Swinging Strike 2-1: Ball 3-1: Foul Ball, location: 2F 3-2: Foul Ball, location: 2F 3-2: Strikes out looking
|
Batting: SHB Kevin Bass
|
0-0: Called Strike 0-1: Ball 1-1: Ball 2-1: Foul Ball, location: 2F 2-2: Ball Wild Pitch! Doug Frobel scores James Durrman to third 3-2: Foul Ball, location: 2F 3-2: Fly out, F6 (Popup, 6MD, EV 59.4 MPH)
|
Bottom of the 1st over - 6 runs, 5 hits, 1 error, 1 left on base; New York 0 - San Francisco 6 |
TOP OF THE 2ND |
New York Mets batting - Pitching for San Francisco Giants : RHP Dan Neumeier
|
Batting: SHB Ken Singleton
|
0-0: Ball 1-0: Foul Ball, location: 2F 1-1: Ball 2-1: Ball 3-1: Foul Ball, location: 2F 3-2: Ground out 6-3 (Groundball, 4M, EV 85.6 MPH)
|
Batting: LHB John Kruk
|
0-0: Ball 1-0: Ball 2-0: Foul Ball, location: 2F 2-1: Fly out, F8 (Flyball, 89M, EV 83.8 MPH)
|
Batting: RHB Jason Sickman
|
0-0: Fly out, F9 (Flyball, 9, EV 86.3 MPH)
|
Top of the 2nd over - 0 runs, 0 hits, 0 errors, 0 left on base; New York 0 - San Francisco 6 |
BOTTOM OF THE 2ND |
San Francisco Giants batting - Pitching for New York Mets : RHP Elias Sosa
|
Batting: RHB Dickie Thon
|
0-0: Called Strike 0-1: Ball 1-1: Called Strike 1-2: Strikes out swinging
|
Batting: LHB Keith Hernandez
|
0-0: Ball 1-0: Called Strike 1-1: Ball 2-1: Foul Ball, location: 2F 2-2: Ground out 4-3 (Groundball, 4, EV 80.6 MPH)
|
Batting: RHB Phil Bailey
|
0-0: Called Strike 0-1: SINGLE (Flyball, 8RS, EV 90.6 MPH)
|
Batting: SHB Tyler O'Dell
|
0-0: Called Strike 0-1: Foul Ball, location: 2F 0-2: Foul Ball, location: 2F 0-2: Ball 1-2: Foul Ball, location: 2F 1-2: Ball 2-2: Fly out, F9 (Flyball, 9, EV 84.4 MPH)
|
Bottom of the 2nd over - 0 runs, 1 hit, 0 errors, 1 left on base; New York 0 - San Francisco 6 |
TOP OF THE 3RD |
New York Mets batting - Pitching for San Francisco Giants : RHP Dan Neumeier
|
Batting: RHB Bill Almon
|
0-0: Ball 1-0: Foul Ball, location: 2F 1-1: Foul Ball, location: 2F 1-2: DOUBLE (Line Drive, 7LM, EV 108.1 MPH)
|
Batting: RHB Elias Sosa
|
0-0: Bunted foul 0-1: Sac Bunt to 15 - play at first, batter OUT! 1-4 Bill Almon to third
|
Batting: RHB Dave Concepcion
|
0-0: Called Strike 0-1: Ball 1-1: Ball 2-1: Foul Ball, location: 2F 2-2: Ball 3-2: Ground out 5-3 (Groundball, 5L, EV 100.6 MPH)
|
Batting: RHB Ray Knight
|
0-0: Ground out 2-3 (Groundball, 15S, EV 67.5 MPH)
|
Top of the 3rd over - 0 runs, 1 hit, 0 errors, 1 left on base; New York 0 - San Francisco 6 |
BOTTOM OF THE 3RD |
San Francisco Giants batting - Pitching for New York Mets : RHP Elias Sosa
|
Batting: RHB Kevin Howard
|
0-0: Ball 1-0: Called Strike 1-1: Ball 2-1: Ball 3-1: Fly out, F8 (Line Drive, 8LD, EV 96.3 MPH)
|
Batting: LHB Doug Frobel
|
0-0: Ball 1-0: Called Strike 1-1: Ball 2-1: Called Strike 2-2: Strikes out looking
|
Batting: LHB James Durrman
|
0-0: Ball 1-0: Called Strike 1-1: Ball 2-1: Ground out U3 (Groundball, 3, EV 92.5 MPH)
|
Bottom of the 3rd over - 0 runs, 0 hits, 0 errors, 0 left on base; New York 0 - San Francisco 6 |
TOP OF THE 4TH |
New York Mets batting - Pitching for San Francisco Giants : RHP Dan Neumeier
|
Batting: LHB Lyman Bostock
|
0-0: Called Strike 0-1: Ball 1-1: Ball 2-1: SINGLE (Line Drive, 78M, EV 106.9 MPH)
|
Batting: RHB Garry Maddox
|
0-0: Fly out, F9 (Flyball, 9, EV 84.4 MPH)
|
Batting: SHB Ken Singleton
|
0-0: Called Strike 0-1: Swinging Strike 0-2: Ball 1-2: Ball 2-2: Ball Lyman Bostock steals 2nd base 3-2: Base on Balls
|
Batting: LHB John Kruk
|
0-0: Called Strike 0-1: Ball 1-1: Fly out, F8 (Line Drive, 8LM, EV 90.0 MPH)
|
Batting: RHB Jason Sickman
|
0-0: Called Strike 0-1: Foul Ball, location: 2F 0-2: Fielders Choice at 2nd, 6-4 (Groundball, 56, EV 85.6 MPH)
|
Top of the 4th over - 0 runs, 1 hit, 0 errors, 2 left on base; New York 0 - San Francisco 6 |
BOTTOM OF THE 4TH |
San Francisco Giants batting - Pitching for New York Mets : RHP Elias Sosa
|
Batting: RHB Dan Neumeier
|
0-0: Foul Ball, location: 2F 0-1: Ball 1-1: Ball 2-1: Foul Ball, location: 2F 2-2: Foul Ball, location: 2F 2-2: Strikes out swinging
|
Batting: SHB Kevin Bass
|
0-0: Called Strike 0-1: Ball 1-1: Called Strike 1-2: Ground out 6-3 (Groundball, 6, EV 86.9 MPH)
|
Batting: RHB Dickie Thon
|
0-0: Ball 1-0: Ball 2-0: SINGLE (Groundball, 6MD, EV 95.0 MPH) (infield hit)
|
Batting: LHB Keith Hernandez
|
0-0: Ball 1-0: Called Strike 1-1: Called Strike Dickie Thon steals 2nd base (no throw) 1-2: Ground out 5-3 (Groundball, 5L, EV 79.4 MPH)
|
Bottom of the 4th over - 0 runs, 1 hit, 0 errors, 1 left on base; New York 0 - San Francisco 6 |
TOP OF THE 5TH |
New York Mets batting - Pitching for San Francisco Giants : RHP Dan Neumeier
|
Batting: RHB Bill Almon
|
0-0: Called Strike 0-1: Ball 1-1: Fly out, F8 (Line Drive, 8RM, EV 94.4 MPH)
|
Batting: RHB Elias Sosa
|
0-0: Called Strike 0-1: Called Strike 0-2: Strikes out swinging, 2-3 out at first.
|
Batting: RHB Dave Concepcion
|
0-0: Ball 1-0: Ball 2-0: Ball 3-0: Called Strike 3-1: Base on Balls
|
Batting: RHB Ray Knight
|
0-0: Ball 1-0: Ball 2-0: Ball Dave Concepcion steals 2nd base 3-0: Called Strike 3-1: Foul Ball, location: 2F 3-2: Ground out 6-3 (Groundball, 6M, EV 88.8 MPH)
|
Top of the 5th over - 0 runs, 0 hits, 0 errors, 1 left on base; New York 0 - San Francisco 6 |
BOTTOM OF THE 5TH |
San Francisco Giants batting - Pitching for New York Mets : RHP Elias Sosa
|
Batting: RHB Phil Bailey
|
0-0: Called Strike 0-1: Foul Ball, location: 2F 0-2: Ground out 5-3 (Groundball, 5S, EV 89.4 MPH)
|
Batting: SHB Tyler O'Dell
|
0-0: Ball 1-0: Ball 2-0: Foul Ball, location: 2F 2-1: Ground out U3 (Groundball, 3, EV 86.3 MPH)
|
Batting: RHB Kevin Howard
|
0-0: Called Strike 0-1: Foul Ball, location: 2F 0-2: Ground out 6-3 (Groundball, 6, EV 78.8 MPH)
|
Bottom of the 5th over - 0 runs, 0 hits, 0 errors, 0 left on base; New York 0 - San Francisco 6 |
TOP OF THE 6TH |
New York Mets batting - Pitching for San Francisco Giants : RHP Dan Neumeier
|
Batting: LHB Lyman Bostock
|
0-0: Ball 1-0: Called Strike 1-1: Ball 2-1: Called Strike 2-2: Ball 3-2: Strikes out looking
|
Batting: RHB Garry Maddox
|
0-0: Ground out 6-3 (Groundball, 6, EV 78.1 MPH)
|
Batting: SHB Ken Singleton
|
0-0: Foul Ball, location: 2F 0-1: Ball 1-1: Foul Ball, location: 2F 1-2: Foul Ball, location: 2F 1-2: Ball 2-2: Ball 3-2: SINGLE (Groundball, 4MD, EV 98.8 MPH)
|
Batting: LHB John Kruk
|
0-0: Ball 1-0: Called Strike 1-1: Ball 2-1: Foul Ball, location: 2F 2-2: Fly out, F8 (Flyball, 8LM, EV 93.8 MPH)
|
Top of the 6th over - 0 runs, 1 hit, 0 errors, 1 left on base; New York 0 - San Francisco 6 |
BOTTOM OF THE 6TH |
San Francisco Giants batting - Pitching for New York Mets : RHP Elias Sosa
|
Pitching: RHP Kip Young
|
|
Batting: LHB Doug Frobel
|
0-0: Called Strike 0-1: Foul Ball, location: 2F 0-2: Ball 1-2: Foul Ball, location: 2F 1-2: Strikes out swinging
|
Batting: LHB James Durrman
|
0-0: Ball 1-0: Called Strike 1-1: Ball 2-1: Ball 3-1: Base on Balls
|
Batting: RHB Dan Neumeier
|
0-0: Bunted foul 0-1: Bunt missed! 0-2: Bunted foul, Strikeout!
|
Batting: SHB Kevin Bass
|
0-0: Ball 1-0: Swinging Strike 1-1: Fly out, F7 (Flyball, 7LS, EV 93.8 MPH)
|
Bottom of the 6th over - 0 runs, 0 hits, 0 errors, 1 left on base; New York 0 - San Francisco 6 |
TOP OF THE 7TH |
New York Mets batting - Pitching for San Francisco Giants : RHP Dan Neumeier
|
Batting: RHB Jason Sickman
|
0-0: Ball 1-0: Ground out 6-3 (Groundball, 56, EV 81.9 MPH)
|
Batting: RHB Bill Almon
|
0-0: Ball 1-0: SINGLE (Flyball, 34D, EV 86.3 MPH)
|
Pinch Hitting: RHB Gary Redus
|
0-0: Ball 1-0: Grounds into double play, 6-4-3 (Groundball, 6, EV 88.8 MPH)
|
Top of the 7th over - 0 runs, 1 hit, 0 errors, 0 left on base; New York 0 - San Francisco 6 |
BOTTOM OF THE 7TH |
San Francisco Giants batting - Pitching for New York Mets : RHP Kip Young
|
Pitching: RHP Raymond Price
|
|
Batting: RHB Dickie Thon
|
0-0: Called Strike 0-1: Ball 1-1: Foul Ball, location: 2F 1-2: Foul Ball, location: 2F 1-2: Ball 2-2: Ball 3-2: Base on Balls
|
Batting: LHB Keith Hernandez
|
0-0: Ball 1-0: Fly out, F8 (Flyball, 8LXD, EV 101.9 MPH)
|
Batting: RHB Phil Bailey
|
Pickoff Throw to First - Error! E1 Dickie Thon to second 0-0: Ball 1-0: Foul Ball, location: 2F 1-1: Ball 2-1: Swinging Strike 2-2: Strikes out swinging
|
Batting: SHB Tyler O'Dell
|
0-0: Ball 1-0: Ground out 3-1 (Groundball, 34S, EV 90.0 MPH)
|
Bottom of the 7th over - 0 runs, 0 hits, 1 error, 1 left on base; New York 0 - San Francisco 6 |
TOP OF THE 8TH |
New York Mets batting - Pitching for San Francisco Giants : RHP Dan Neumeier
|
Batting: RHB Dave Concepcion
|
0-0: Ball 1-0: Ground out 4-3 (Groundball, 4, EV 89.4 MPH)
|
Batting: RHB Ray Knight
|
0-0: Swinging Strike 0-1: Fly out, F9 (Line Drive, 9, EV 100.0 MPH)
|
Batting: LHB Lyman Bostock
|
0-0: Ball 1-0: Ball 2-0: Foul Ball, location: 2F 2-1: DOUBLE (Line Drive, 7LM, EV 107.5 MPH)
|
Batting: RHB Garry Maddox
|
0-0: Called Strike 0-1: Foul Ball, location: 2F 0-2: Ground out 3-1 (Groundball, 34, EV 87.5 MPH)
|
Top of the 8th over - 0 runs, 1 hit, 0 errors, 1 left on base; New York 0 - San Francisco 6 |
BOTTOM OF THE 8TH |
San Francisco Giants batting - Pitching for New York Mets : RHP Raymond Price
|
Batting: RHB Kevin Howard
|
0-0: Ball 1-0: Foul Ball, location: 2F 1-1: Ball 2-1: Ball 3-1: Base on Balls
|
Batting: LHB Doug Frobel
|
0-0: Called Strike Kevin Howard steals 2nd base 0-1: Ball 1-1: Fly out, F8 (Line Drive, 8RD, EV 94.4 MPH)
|
Batting: LHB James Durrman
|
0-0: DOUBLE (Line Drive, 8RXD, EV 106.9 MPH) Kevin Howard scores
|
Batting: RHB Dan Neumeier
|
0-0: Foul Ball, location: 2F 0-1: Ball 1-1: Swinging Strike 1-2: Strikes out swinging
|
Batting: SHB Kevin Bass
|
0-0: Called Strike 0-1: SINGLE (Flyball, 78S, EV 94.4 MPH) James Durrman to third Runner from 3rd tries for Home, SAFE, throw by LF to home
|
Batting: RHB Dickie Thon
|
0-0: SINGLE (Groundball, 6D, EV 95.0 MPH) Kevin Bass to second
|
Batting: LHB Keith Hernandez
|
0-0: Fielders Choice at 2nd, 5-4 (Groundball, 56, EV 88.1 MPH)
|
Bottom of the 8th over - 2 runs, 3 hits, 0 errors, 2 left on base; New York 0 - San Francisco 8 |
TOP OF THE 9TH |
New York Mets batting - Pitching for San Francisco Giants : RHP Dan Neumeier
|
Batting: SHB Ken Singleton
|
0-0: Ball 1-0: Called Strike 1-1: Called Strike 1-2: Foul Ball, location: 2F 1-2: Strikes out swinging
|
Pitching: RHP Wayne Twitchell
|
|
Batting: LHB John Kruk
|
0-0: Called Strike 0-1: Ball 1-1: Ball 2-1: Ball 3-1: Base on Balls
|
Pinch Hitting: LHB Terry Kennedy
|
0-0: Swinging Strike 0-1: Ball Passed Ball! John Kruk to second 1-1: Foul Ball, location: 2F 1-2: Strikes out swinging
|
Batting: RHB Bill Almon
|
0-0: Foul Ball, location: 2F 0-1: Ball 1-1: Swinging Strike 1-2: Ball 2-2: Ball 3-2: SINGLE (Line Drive, 4M, EV 98.1 MPH) John Kruk to third John Kruk scores
|
Pinch Hitting: LHB Alamazoo White
|
0-0: Ball 1-0: Called Strike 1-1: Ball 2-1: Swinging Strike 2-2: Ball 3-2: Foul Ball, location: 2F 3-2: Foul Ball, location: 2F 3-2: Foul Ball, location: 2F 3-2: Strikes out looking
|
Top of the 9th over - 1 run, 1 hit, 0 errors, 1 left on base; New York 1 - San Francisco 8 |
|